| TOP OF THE 1ST |
|
Kingsport Mets batting - Pitching for San Francisco (APP) Giants : RHP Carlos Solis
|
|
Pitching: RHP Carlos Solis
|
|
|
Batting: LHB Jeremy Moorehead
|
0-0: Ground out U3 (Groundball, 3, EV 85.6 MPH)
|
|
Batting: SHB Tyler Maddux
|
0-0: Ball 1-0: SINGLE (Groundball, 4, EV 94.4 MPH)
|
|
Batting: LHB Miguel Ramos
|
0-0: Ball 1-0: Ball Tyler Maddux steals 2nd base 2-0: Called Strike 2-1: Fly out, F2 (Popup, 25F, EV 90.6 MPH)
|
|
Batting: SHB Nick Daigle
|
0-0: Swinging Strike 0-1: Ball Wild Pitch! Tyler Maddux to third 1-1: Ball 2-1: Fly out, F8 (Flyball, 8RXD, EV 105.6 MPH)
|
| Top of the 1st over - 0 runs, 1 hit, 0 errors, 1 left on base; Kingsport 0 - San Francisco (APP) 0 |
| BOTTOM OF THE 1ST |
|
San Francisco (APP) Giants batting - Pitching for Kingsport Mets : RHP Sandro Fibonacci
|
|
Pitching: RHP Sandro Fibonacci
|
|
|
Batting: RHB Ryan Bentz
|
0-0: Ball 1-0: Ball 2-0: Foul Ball, location: 2F 2-1: Foul Ball, location: 2F 2-2: Ground out 3-1 (Groundball, 13, EV 88.8 MPH)
|
|
Batting: LHB Steve Nevis
|
0-0: Called Strike 0-1: Called Strike 0-2: Ball 1-2: Ball 2-2: Ground out U3 (Groundball, 34, EV 85.0 MPH)
|
|
Batting: RHB Brian Rogers
|
0-0: Ball 1-0: Ball 2-0: Called Strike 2-1: Ball 3-1: Base on Balls
|
|
Batting: RHB Troy Trice
|
0-0: Called Strike 0-1: Called Strike Brian Rogers steals 2nd base 0-2: Ball Wild Pitch! Brian Rogers to third 1-2: SINGLE (Groundball, 4S, EV 70.0 MPH) (infield hit) Brian Rogers scores
|
|
Batting: LHB Takaaki Nishimoto
|
0-0: Called Strike 0-1: Swinging Strike 0-2: Ball Passed Ball! Troy Trice to second 1-2: Ball Passed Ball! Troy Trice to third 2-2: Ball Wild Pitch! Troy Trice scores 3-2: Strikes out swinging
|
| Bottom of the 1st over - 2 runs, 1 hit, 0 errors, 0 left on base; Kingsport 0 - San Francisco (APP) 2 |
| TOP OF THE 2ND |
|
Kingsport Mets batting - Pitching for San Francisco (APP) Giants : RHP Carlos Solis
|
|
Batting: LHB Matt Baker
|
0-0: Called Strike 0-1: Hit by Pitch
|
|
Batting: RHB Danny Runberg
|
0-0: Hit by Pitch Matt Baker to second
|
|
Batting: RHB Coltin Nellis
|
0-0: Called Strike 0-1: Called Strike 0-2: Strikes out swinging
|
|
Batting: LHB Jason Jones
|
0-0: Ball 1-0: Foul Ball, location: 2F 1-1: Ball 2-1: Ball 3-1: Foul Ball, location: 2F 3-2: Foul Ball, location: 2F 3-2: Base on Balls Matt Baker to third Danny Runberg to second
|
|
Batting: RHB Roberto Delgado
|
0-0: Ball 1-0: Called Strike 1-1: Fielders Choice at 2nd, 5-4 (Groundball, 5S, EV 87.5 MPH) Matt Baker scores Danny Runberg to third
|
|
Batting: LHB Jeremy Moorehead
|
0-0: Swinging Strike 0-1: Hit by Pitch Roberto Delgado to second
|
|
Batting: SHB Tyler Maddux
|
0-0: Foul Ball, location: 2F 0-1: Foul Ball, location: 2F 0-2: Ball 1-2: Ball 2-2: Strikes out swinging
|
| Top of the 2nd over - 1 run, 0 hits, 0 errors, 3 left on base; Kingsport 1 - San Francisco (APP) 2 |
| BOTTOM OF THE 2ND |
|
San Francisco (APP) Giants batting - Pitching for Kingsport Mets : RHP Sandro Fibonacci
|
|
Batting: RHB Billy Pranger
|
0-0: Ball 1-0: Fly out, F8 (Line Drive, 8RD, EV 96.9 MPH)
|
|
Batting: RHB Josh Truell
|
0-0: Ball 1-0: Ball 2-0: Foul Ball, location: 2F 2-1: Ball 3-1: Swinging Strike 3-2: SINGLE (Groundball, 34S, EV 88.1 MPH) (infield hit)
|
|
Batting: RHB Zach Maguire
|
0-0: Ball 1-0: TRIPLE (Flyball, 89XD, EV 106.2 MPH) Josh Truell scores
|
|
Batting: RHB Ed Broomhead
|
0-0: Called Strike 0-1: Ground out 6-3 (Groundball, 6, EV 84.4 MPH) Zach Maguire scores
|
|
Batting: RHB Ryan Bentz
|
0-0: Called Strike 0-1: Reached on error, E4 (Groundball, 4, EV 97.5 MPH)
|
|
Batting: LHB Steve Nevis
|
0-0: Called Strike Ryan Bentz steals 2nd base 0-1: DOUBLE (Line Drive, 78D, EV 103.8 MPH) Ryan Bentz scores
|
|
Batting: RHB Brian Rogers
|
0-0: Ball 1-0: DOUBLE (Line Drive, 7LS, EV 94.4 MPH) Steve Nevis scores
|
|
Batting: RHB Troy Trice
|
0-0: Ball 1-0: SINGLE (Groundball, 56D, EV 110.0 MPH) Brian Rogers to third Runner from 3rd tries for Home, SAFE, throw by LF to home
|
|
Batting: LHB Takaaki Nishimoto
|
0-0: Ball Wild Pitch! Troy Trice to second 1-0: Ground out 4-3 (Groundball, 34, EV 87.5 MPH)
|
| Bottom of the 2nd over - 5 runs, 5 hits, 1 error, 1 left on base; Kingsport 1 - San Francisco (APP) 7 |
| TOP OF THE 3RD |
|
Kingsport Mets batting - Pitching for San Francisco (APP) Giants : RHP Carlos Solis
|
|
Batting: LHB Miguel Ramos
|
0-0: Ball 1-0: Ball 2-0: SOLO HOME RUN (Flyball, 9D, EV 95.0 MPH), Distance : 379 ft
|
|
Batting: SHB Nick Daigle
|
0-0: Ball 1-0: Swinging Strike 1-1: Swinging Strike 1-2: Ball 2-2: Foul Ball, location: 2F 2-2: Fly out, F7 (Line Drive, 78M, EV 86.2 MPH)
|
|
Batting: LHB Matt Baker
|
0-0: Foul Ball, location: 2F 0-1: Called Strike 0-2: Ball 1-2: Ball 2-2: Ball 3-2: Strikes out swinging
|
|
Batting: RHB Danny Runberg
|
0-0: Ball 1-0: Foul Ball, location: 2F 1-1: Called Strike 1-2: Strikes out swinging
|
| Top of the 3rd over - 1 run, 1 hit, 0 errors, 0 left on base; Kingsport 2 - San Francisco (APP) 7 |
| BOTTOM OF THE 3RD |
|
San Francisco (APP) Giants batting - Pitching for Kingsport Mets : RHP Sandro Fibonacci
|
|
Pitching: LHP Matt Allert
|
|
|
Batting: RHB Billy Pranger
|
0-0: Ball 1-0: Foul Ball, location: 2F 1-1: Ball 2-1: Swinging Strike 2-2: Ball 3-2: Strikes out swinging
|
|
Batting: RHB Josh Truell
|
0-0: Ball 1-0: Ball 2-0: Fly out, F9 (Flyball, 89S, EV 91.2 MPH)
|
|
Batting: RHB Zach Maguire
|
0-0: Foul Ball, location: 2F 0-1: Foul Ball, location: 2F 0-2: Foul Ball, location: 2F 0-2: Ball 1-2: Ball 2-2: Ball 3-2: Strikes out swinging
|
| Bottom of the 3rd over - 0 runs, 0 hits, 0 errors, 0 left on base; Kingsport 2 - San Francisco (APP) 7 |
| TOP OF THE 4TH |
|
Kingsport Mets batting - Pitching for San Francisco (APP) Giants : RHP Carlos Solis
|
|
Batting: RHB Coltin Nellis
|
0-0: Ball 1-0: Fly out, F7 (Line Drive, 7, EV 85.6 MPH)
|
|
Batting: LHB Jason Jones
|
0-0: Ground out U3 (Groundball, 3, EV 101.9 MPH)
|
|
Batting: RHB Roberto Delgado
|
0-0: SOLO HOME RUN (Line Drive, 8LXD, EV 116.2 MPH), Distance : 464 ft
|
|
Batting: LHB Jeremy Moorehead
|
0-0: Swinging Strike 0-1: Ball 1-1: Called Strike 1-2: Ball 2-2: SINGLE (Groundball, 4MD, EV 95.0 MPH)
|
|
Batting: SHB Tyler Maddux
|
0-0: Ball 1-0: Ball 2-0: Fly out, F8 (Flyball, 8RD, EV 91.2 MPH)
|
| Top of the 4th over - 1 run, 2 hits, 0 errors, 1 left on base; Kingsport 3 - San Francisco (APP) 7 |
| BOTTOM OF THE 4TH |
|
San Francisco (APP) Giants batting - Pitching for Kingsport Mets : LHP Matt Allert
|
|
Batting: RHB Ed Broomhead
|
0-0: Ground out U3 (Groundball, 3S, EV 91.2 MPH)
|
|
Batting: RHB Ryan Bentz
|
0-0: Foul Ball, location: 2F 0-1: Swinging Strike 0-2: Strikes out looking
|
|
Batting: LHB Steve Nevis
|
0-0: Ball 1-0: Foul Ball, location: 2F 1-1: Foul Ball, location: 2F 1-2: Ball 2-2: SINGLE (Line Drive, 89S, EV 91.9 MPH)
|
|
Batting: RHB Brian Rogers
|
Pickoff Throw to First - Error! E1 Steve Nevis to second 0-0: Called Strike 0-1: Ball 1-1: Ball 2-1: Foul Ball, location: 2F 2-2: Ball 3-2: Base on Balls
|
|
Batting: RHB Troy Trice
|
0-0: Foul Ball, location: 2F 0-1: Swinging Strike 0-2: Ball 1-2: Hit by Pitch Steve Nevis to third Brian Rogers to second
|
|
Batting: LHB Takaaki Nishimoto
|
0-0: Ball 1-0: Swinging Strike 1-1: Swinging Strike 1-2: Strikes out swinging
|
| Bottom of the 4th over - 0 runs, 1 hit, 1 error, 3 left on base; Kingsport 3 - San Francisco (APP) 7 |
| TOP OF THE 5TH |
|
Kingsport Mets batting - Pitching for San Francisco (APP) Giants : RHP Carlos Solis
|
|
Batting: LHB Miguel Ramos
|
0-0: Called Strike 0-1: Foul Ball, location: 2F 0-2: Ball 1-2: Ball 2-2: Ball 3-2: Strikes out looking
|
|
Batting: SHB Nick Daigle
|
0-0: Called Strike 0-1: Ball 1-1: Swinging Strike 1-2: Foul Ball, location: 2F 1-2: Ball 2-2: Fly out, F7 (Flyball, 7D, EV 93.8 MPH)
|
|
Batting: LHB Matt Baker
|
0-0: Called Strike 0-1: Swinging Strike 0-2: Strikes out looking
|
| Top of the 5th over - 0 runs, 0 hits, 0 errors, 0 left on base; Kingsport 3 - San Francisco (APP) 7 |
| BOTTOM OF THE 5TH |
|
San Francisco (APP) Giants batting - Pitching for Kingsport Mets : LHP Matt Allert
|
|
Batting: RHB Billy Pranger
|
0-0: SOLO HOME RUN (Flyball, 7LD, EV 92.5 MPH), Distance : 355 ft
|
|
Batting: RHB Josh Truell
|
0-0: Called Strike 0-1: Foul Ball, location: 2F 0-2: Ball 1-2: Ball 2-2: Foul Ball, location: 2F 2-2: SINGLE (Flyball, 3D, EV 91.9 MPH)
|
|
Pitching: RHP Rob Fennell
|
|
|
Batting: RHB Zach Maguire
|
0-0: Ball 1-0: Ball 2-0: Foul Ball, location: 2F 2-1: Called Strike 2-2: Strikes out swinging
|
|
Batting: RHB Ed Broomhead
|
0-0: Ground out 6-3 (Groundball, 6S, EV 62.5 MPH) Josh Truell to second
|
|
Batting: RHB Ryan Bentz
|
0-0: Ball 1-0: Ball Passed Ball! Josh Truell to third 2-0: DOUBLE (Line Drive, 78XD, EV 103.8 MPH) Josh Truell scores
|
|
Batting: LHB Steve Nevis
|
0-0: Ball 1-0: Ball 2-0: Ball Passed Ball! Ryan Bentz to third 3-0: Called Strike 3-1: Reached on error, E6 (Groundball, 6, EV 86.2 MPH) Ryan Bentz scores
|
|
Batting: RHB Brian Rogers
|
0-0: Ball Steve Nevis steals 2nd base 1-0: SINGLE (Groundball, 56D, EV 94.4 MPH) Steve Nevis to third Runner from 3rd tries for Home, SAFE, throw by LF to home
|
|
Batting: RHB Troy Trice
|
0-0: Ball Wild Pitch! Brian Rogers to second 1-0: Ball 2-0: Called Strike 2-1: Ground out 6-3 (Groundball, 6, EV 95.6 MPH)
|
| Bottom of the 5th over - 4 runs, 4 hits, 1 error, 1 left on base; Kingsport 3 - San Francisco (APP) 11 |
| TOP OF THE 6TH |
|
Kingsport Mets batting - Pitching for San Francisco (APP) Giants : RHP Carlos Solis
|
|
Pitching: LHP Christian Rogers
|
|
|
Batting: RHB Danny Runberg
|
0-0: Ball 1-0: Ball 2-0: Ball 3-0: Called Strike 3-1: Fly out, F3 (Line Drive, 3, EV 66.9 MPH)
|
|
Batting: RHB Coltin Nellis
|
0-0: Ball 1-0: Ground out U3 (Groundball, 34, EV 86.9 MPH)
|
|
Batting: LHB Jason Jones
|
0-0: Ball 1-0: Ball 2-0: Ball 3-0: Base on Balls
|
|
Batting: RHB Roberto Delgado
|
0-0: Called Strike 0-1: Called Strike 0-2: Ball 1-2: Ball 2-2: Ball 3-2: Foul Ball, location: 2F 3-2: DOUBLE (Line Drive, 78M, EV 101.2 MPH) Jason Jones to third Jason Jones scores
|
|
Batting: LHB Jeremy Moorehead
|
0-0: Foul Ball, location: 2F 0-1: SINGLE (Groundball, 23, EV 71.9 MPH) (infield hit) Roberto Delgado to third
|
|
Batting: SHB Tyler Maddux
|
0-0: Ball 1-0: SINGLE (Flyball, 56D, EV 98.8 MPH) Roberto Delgado scores Jeremy Moorehead to second
|
|
Batting: LHB Miguel Ramos
|
0-0: Ball 1-0: Fly out, F9 (Flyball, 89S, EV 80.6 MPH)
|
| Top of the 6th over - 2 runs, 3 hits, 0 errors, 2 left on base; Kingsport 5 - San Francisco (APP) 11 |
| BOTTOM OF THE 6TH |
|
San Francisco (APP) Giants batting - Pitching for Kingsport Mets : RHP Rob Fennell
|
|
Pitching: RHP Pat Sprague
|
|
|
Batting: LHB Takaaki Nishimoto
|
0-0: Hit by Pitch
|
|
Batting: RHB Billy Pranger
|
0-0: Hit by Pitch Takaaki Nishimoto to second
|
|
Batting: RHB Josh Truell
|
0-0: Ball Wild Pitch! Takaaki Nishimoto to third Billy Pranger to second 1-0: Ball Passed Ball! Takaaki Nishimoto scores Billy Pranger to third 2-0: Ball 3-0: Called Strike 3-1: Swinging Strike Passed Ball! Billy Pranger scores 3-2: Foul Ball, location: 2F 3-2: Foul Ball, location: 2F 3-2: Foul Ball, location: 2F 3-2: Strikes out swinging
|
|
Batting: RHB Zach Maguire
|
0-0: Ball 1-0: Foul Ball, location: 2F 1-1: Swinging Strike 1-2: Strikes out swinging
|
|
Batting: RHB Ed Broomhead
|
0-0: Called Strike 0-1: Called Strike 0-2: Ground out 6-3 (Groundball, 6, EV 101.9 MPH)
|
| Bottom of the 6th over - 2 runs, 0 hits, 0 errors, 0 left on base; Kingsport 5 - San Francisco (APP) 13 |
| TOP OF THE 7TH |
|
Kingsport Mets batting - Pitching for San Francisco (APP) Giants : LHP Christian Rogers
|
|
Pitching: RHP Danny MacKinnon
|
|
|
Batting: SHB Nick Daigle
|
0-0: Foul Ball, location: 2F 0-1: Ball 1-1: Foul Ball, location: 2F 1-2: Strikes out swinging
|
|
Batting: LHB Matt Baker
|
0-0: Ball 1-0: Ball 2-0: SINGLE (Groundball, 3D, EV 100.6 MPH)
|
|
Batting: RHB Danny Runberg
|
0-0: Ball Matt Baker steals 2nd base (no throw) 1-0: Ball 2-0: Called Strike 2-1: Ball 3-1: Called Strike 3-2: Ground out 3-1 (Groundball, 34, EV 80.0 MPH) Matt Baker to third
|
|
Batting: RHB Coltin Nellis
|
0-0: Ball 1-0: Ball 2-0: Foul Ball, location: 2F 2-1: Ball 3-1: Base on Balls
|
|
Batting: LHB Jason Jones
|
0-0: Ball 1-0: Called Strike 1-1: Swinging Strike 1-2: Foul Ball, location: 2F 1-2: Ball 2-2: Foul Ball, location: 2F 2-2: Ground out 4-3 (Groundball, 34D, EV 101.9 MPH)
|
| Top of the 7th over - 0 runs, 1 hit, 0 errors, 2 left on base; Kingsport 5 - San Francisco (APP) 13 |
| BOTTOM OF THE 7TH |
|
San Francisco (APP) Giants batting - Pitching for Kingsport Mets : RHP Pat Sprague
|
|
Batting: RHB Ryan Bentz
|
0-0: Ball 1-0: Called Strike 1-1: Ground out 6-3 (Groundball, 56, EV 102.5 MPH)
|
|
Batting: LHB Steve Nevis
|
0-0: Ground out 6-3 (Groundball, 6, EV 107.5 MPH)
|
|
Batting: RHB Brian Rogers
|
0-0: Ball 1-0: Ball 2-0: Ball 3-0: Called Strike 3-1: Base on Balls
|
|
Batting: RHB Troy Trice
|
0-0: Ball Wild Pitch! Brian Rogers to second 1-0: Ball 2-0: 2-RUN HOME RUN (Line Drive, 78XD, EV 106.2 MPH), Distance : 434 ft
|
|
Pitching: LHP Tony Diaz
|
|
|
Batting: LHB Takaaki Nishimoto
|
0-0: Swinging Strike 0-1: Swinging Strike 0-2: Ball 1-2: Fly out, F7 (Flyball, 7, EV 75.0 MPH)
|
| Bottom of the 7th over - 2 runs, 1 hit, 0 errors, 0 left on base; Kingsport 5 - San Francisco (APP) 15 |
| TOP OF THE 8TH |
|
Kingsport Mets batting - Pitching for San Francisco (APP) Giants : RHP Danny MacKinnon
|
|
Batting: RHB Roberto Delgado
|
0-0: Ball 1-0: Foul Ball, location: 5F, Error on foul ball, E5 1-1: Called Strike 1-2: Ball 2-2: Foul Ball, location: 2F 2-2: Strikes out looking
|
|
Batting: LHB Jeremy Moorehead
|
0-0: Swinging Strike 0-1: Ball 1-1: Called Strike 1-2: Strikes out looking
|
|
Pinch Hitting: RHB Warren Carmichael
|
0-0: Called Strike 0-1: Ball 1-1: Foul Ball, location: 2F 1-2: Ball 2-2: Foul Ball, location: 2F 2-2: Strikes out swinging
|
| Top of the 8th over - 0 runs, 0 hits, 1 error, 0 left on base; Kingsport 5 - San Francisco (APP) 15 |
| BOTTOM OF THE 8TH |
|
San Francisco (APP) Giants batting - Pitching for Kingsport Mets : LHP Tony Diaz
|
|
Now at SS: Warren Carmichael
|
|
|
Batting: RHB Billy Pranger
|
0-0: Ball 1-0: Called Strike 1-1: Ball 2-1: Ball 3-1: Base on Balls
|
|
Batting: RHB Josh Truell
|
0-0: Ball 1-0: Foul Ball, location: 2F 1-1: Called Strike 1-2: Strikes out swinging
|
|
Batting: RHB Zach Maguire
|
0-0: Ball 1-0: Ball Passed Ball! Billy Pranger to second 2-0: Ball Passed Ball! Billy Pranger to third 3-0: Called Strike 3-1: Ground out 6-3 (Groundball, P, EV 86.9 MPH) Billy Pranger scores
|
|
Batting: RHB Ed Broomhead
|
0-0: Ball 1-0: Foul Ball, location: 2LF, Error on foul ball, E2 1-1: Fly out, F9 (Flyball, 9LM, EV 91.9 MPH)
|
| Bottom of the 8th over - 1 run, 0 hits, 1 error, 0 left on base; Kingsport 5 - San Francisco (APP) 16 |
| TOP OF THE 9TH |
|
Kingsport Mets batting - Pitching for San Francisco (APP) Giants : RHP Danny MacKinnon
|
|
Pitching: RHP Sam Drews
|
|
|
Batting: LHB Miguel Ramos
|
0-0: Ground out 4-3 (Groundball, 4S, EV 65.0 MPH)
|
|
Batting: SHB Nick Daigle
|
0-0: Swinging Strike 0-1: Foul Ball, location: 2F 0-2: SINGLE (Line Drive, 89S, EV 93.8 MPH)
|
|
Batting: LHB Matt Baker
|
0-0: Grounds into double play, 4-6-3 (Groundball, 4, EV 80.0 MPH)
|
| Top of the 9th over - 0 runs, 1 hit, 0 errors, 0 left on base; Kingsport 5 - San Francisco (APP) 16 |
|